 Dungeon Crawl Stone Soup version 0.26.1-2-gb8aa6d0cf2 (webtiles) character file.

Game seed: 2001736320112155128

6 Elvor the Grasshopper (level 1, 0/12 HPs)
             Began as a Gargoyle Warper on Mar 2, 2021.
             Slain by an adder (3 damage)
             ... on level 2 of the Dungeon.
             The game lasted 00:05:15 (740 turns).

Elvor the Grasshopper (Gargoyle Warper)              Turns: 740, Time: 00:05:15

Health: 0/12       AC:  6    Str: 14    XL:     1   Next: 90%
Magic:  3/3        EV: 11    Int: 13    God:
Gold:   50         SH:  0    Dex:  9    Spells: 4/4 levels left

rFire    . . .     SeeInvis .   a - +0 mace
rCold    . . .     Faith    .   (no shield)
rNeg     + . .     Spirit   .   b - +0 leather armour
rPois    ∞         Reflect  .   g - +0 helmet
rElec    +         Harm     .   (no cloak)
rCorr    .         Rampage  .   (no gloves)
Will     .....                  (no boots)
Stlth    +.........             j - amulet of magic regeneration
HPRegen  0.04/turn              (no ring)
MPRegen  0.33/turn              (no ring)

@: no status effects
A: negative energy resistance 1, electricity resistance, unbreathing,
petrification resistance, miasma immunity, AC +2
a: no special abilities


You were on level 2 of the Dungeon.
You visited 1 branch of the dungeon, and saw 2 of its levels.

You collected 50 gold pieces.

Inventory:

Hand Weapons
 a - a +0 mace (weapon)
Missiles
 e - 5 boomerangs of dispersal (quivered)
Armour
 b - a +0 leather armour (worn)
 g - a +0 helmet (worn)
Jewellery
 j - an amulet of magic regeneration (around neck)
Scrolls
 c - a scroll of identify {unknown}
 d - a scroll of blinking
 f - a scroll of noise {unknown}
 h - a scroll of random uselessness {unknown}
 k - a scroll of amnesia {unknown}
Potions
 i - a potion of heal wounds {unknown}


   Skills:
 + Level 2.2 Fighting
 + Level 2.0 Maces & Flails
 + Level 0.8 Throwing
 + Level 1.1 Armour
 + Level 1.6 Dodging
 + Level 2.1 Spellcasting
 + Level 2.9 Translocations


You had 4 spell levels left.
You didn't know any spells.
Your spell library contained the following spells:

 Spells                   Type           Power        Failure   Level
 Blink                    Tloc           N/A          14%         2
 Gell's Gravitas          Tloc           4%           28%         3
 Lesser Beckoning         Tloc           4%           28%         3
 Teleport Other           Tloc           9%           28%         3
 Passage of Golubria      Tloc           N/A          67%         4


Dungeon Overview and Level Annotations

Branches:
Dungeon (2/15)

Altars:


Innate Abilities, Weirdness & Mutations

You are resistant to torment.
Your stone body is resilient. (AC +2)
You are immune to poison.
You resist negative energy. (rN+)
You are resistant to electric shocks. (rElec)
You can survive without breathing.
You are immune to petrification.
You are immune to miasma.


Message History

You hit the adder.
The adder is lightly wounded.
The adder bites you but does no damage. The adder misses you.
You closely miss the adder.
The adder is lightly wounded.
The adder bites you but does no damage. The adder misses you.
You hit the adder.
The adder is moderately wounded.
The adder bites you but does no damage. The adder bites you.
* * * LOW HITPOINT WARNING * * *
You hit the adder.
The adder is heavily wounded.
The adder closely misses you.
You miss the adder.
The adder is heavily wounded.
The adder bites you but does no damage. The adder barely misses you.
You hit the adder.
The adder is severely wounded.
The adder barely misses you. The adder bites you.
You die...

#.....♣♣..♣
#.....♣...♣
#....♣.PP
#...♣.♣
#..<..#
#.##.######
##.........#
#..........##
#@#######..#8
#S# ### #.# #
#.# #.# #.#
#.# #..


You could see an adder.

Vanquished Creatures
  A ball python (D:2)
  A hobgoblin (D:1)
  A kobold (D:1)
  2 frilled lizards (D:1)
  A rat (D:1)
6 creatures vanquished.

Vanquished Creatures (others)
  4 plants (D:1)
4 creatures vanquished.

Grand Total: 10 creatures vanquished

Notes
Turn   | Place    | Note
-------+----------+-------------------------------------------
     0 | D:1      | Elvor the Gargoyle Warper began the quest for the Orb.
     0 | D:1      | Reached XP level 1. HP: 12/12 MP: 3/3
   740 | D:2      | Slain by an adder

Illustrated notes

Levels and vault maps discovered:
D:1:      dpeg_arrival_tiny_a, layout_basic, serial_forest,
          infiniplex_forest_clump_medium, infiniplex_forest_clump_long,
          infiniplex_forest_lined_corner, infiniplex_forest_clump_diagonal,
          infiniplex_forest_corner_1, infiniplex_forest_straight_2,
          infiniplex_forest_clump_diagonal, infiniplex_forest_split
D:2:      layout_loops_ring, nicolae_overflow_hidden_temple,
          grunt_dithmenos_smoke_and_mirrors, serial_forest,
          infiniplex_forest_diagonal, infiniplex_forest_clump_small,
          infiniplex_forest_corner_1, infiniplex_forest_lined_ring,
          minmay_gold_behind_fungi, minmay_misc_feat_square, uniq_robin

Action                   || total
-------------------------++-------
Melee: Mace              ||    41
Armor: Leather armour    ||    10
Dodge: Dodged            ||    19
